 Dungeon Crawl Stone Soup version 0.21.1-1-g345015fe64 (webtiles) character file.

274 Peloso the Slasher (level 6, 0/48 HPs)
             Began as a Demonspawn Fighter on May 13, 2018.
             Succumbed to a water moccasin's poison
             ... on level 3 of the Dungeon.
             The game lasted 00:04:40 (1799 turns).

Peloso the Slasher (Demonspawn Fighter)             Turns: 1799, Time: 00:04:41

Health: 0/48       AC: 11    Str: 18    XL:     6   Next: 3%
Magic:  1/6        EV:  7    Int:  9    God:
Gold:   197        SH:  9    Dex: 13    Spells: 5/5 levels left

rFire    + + .     SeeInvis .   a - +0 long sword
rCold    . . .     Gourm    .   c - +0 shield
rNeg     . . .     Faith    .   h - +0 fire dragon scales
rPois    .         Spirit   +   n - +2 hat
rElec    .         Reflect  .   (no cloak)
rCorr    .         Harm     .   (no gloves)
MR       +....                  (no boots)
Stlth    +.........             v - amulet of guardian spirit
HPRegen  0.16/turn              o - ring of protection from cold
MPRegen  0.10/turn              d - ring of protection from magic

@: lethally poisoned (0 -> -11)
A: horns 1, nightstalker 1
a: no special abilities


You were on level 3 of the Dungeon.
You were hungry.

You visited 1 branch of the dungeon, and saw 3 of its levels.

You collected 197 gold pieces.

Inventory:

Hand Weapons
 a - a +0 long sword (weapon)
Missiles
 j - 40 bolts
Armour
 b - a +0 scale mail
 c - a +0 shield (worn)
 h - +0 fire dragon scales (worn)
 n - a +2 hat (worn)
Jewellery
 d - a ring of protection from magic (right hand)
 o - a ring of protection from cold (left hand)
 v - an amulet of guardian spirit (around neck)
 x - an uncursed ring of protection from magic
Scrolls
 e - 2 scrolls of remove curse
 g - 2 scrolls of identify {unknown}
 i - a scroll of amnesia {unknown}
 m - a scroll of enchant armour {unknown}
 p - a scroll of teleportation {unknown}
 r - a scroll of magic mapping {unknown}
 t - a scroll of random uselessness {unknown}
Potions
 k - a potion of magic {unknown}
 l - a potion of brilliance {unknown}
 q - 2 potions of heal wounds
 s - a potion of lignification {unknown}
 u - a potion of might
 w - a potion of ambrosia {unknown}
Comestibles
 f - 3 rations


   Skills:
 + Level 3.6 Fighting
 + Level 3.9 Long Blades
 + Level 3.6 Armour
 + Level 1.0 Dodging
 + Level 3.5 Shields


You had 5 spell levels left.
You didn't know any spells.

Dungeon Overview and Level Annotations

Branches:
Dungeon (3/15)

Altars:
Ashenzari
Elyvilon
Nemelex Xobeh
Qazlal
Trog
The Shining One


Innate Abilities, Weirdness & Mutations

You have a pair of small horns on your head.
You are slightly more attuned to the shadows.


Message History

* * * LOW HITPOINT WARNING * * *
You feel sick.
The water moccasin bites you but does no damage.
You block the water moccasin's attack.
You miss the water moccasin.
Your headbutt misses the water moccasin.
The water moccasin is almost dead.
* * * LOW HITPOINT WARNING * * *
You feel sick. The water moccasin barely misses you.
The water moccasin bites you!
* * * LOW HITPOINT WARNING * * *
You hit the water moccasin.
You kill the water moccasin!
Your Dodging skill increases to level 1!
You have reached level 6!
Your experience leads to an increase in your attributes!
Increase (S)trength, (I)ntelligence, or (D)exterity?
You feel stronger.
Your demonic ancestry asserts itself...
You slip into the darkness of the dungeon.
You die...

#.#.##.##.######..#...#...#..
##.#.................#...#...#
#.....#...#.#####.#.#...#...#..
#..............##.##..#...#...#
#.....#...#.##.##..)....#...#..
#.....##.##.##.##.###.....#..##
#.....#####.......# ###.....##
####### #.##.##.# ###...#
#.##@##.# ##### #.#..##.#
#.#.###.# #....)..# ###.#####
#.# ..# ####


There were no monsters in sight!

Vanquished Creatures
  A water moccasin (D:3)
  3 gnolls (D:2)
  3 adders (D:3)
  An ooze (D:1)
  5 worms (D:2)
  2 leopard geckos
  5 orcs (D:3)
  3 giant cockroaches
  5 hobgoblins
  10 jackals
  14 kobolds
  A quokka (D:3)
  A ball python (D:1)
  7 bats
  4 frilled lizards
  12 goblins
  10 rats
87 creatures vanquished.

Notes
Turn   | Place    | Note
-------+----------+-------------------------------------------
     0 | D:1      | Peloso the Demonspawn Fighter began the quest for the Orb.
     0 | D:1      | Reached XP level 1. HP: 18/18 MP: 1/1
   107 | D:1      | Gained mutation: You have a pair of small horns on your head. [demonic ancestry]
   107 | D:1      | Reached XP level 2. HP: 21/24 MP: 2/2
   381 | D:1      | Reached XP level 3. HP: 29/29 MP: 3/3
   652 | D:1      | Found a bloodstained altar of Trog.
   832 | D:2      | Reached XP level 4. HP: 18/35 MP: 4/4
   912 | D:2      | Found a glowing golden altar of the Shining One.
   998 | D:2      | Found a stormy altar of Qazlal.
  1075 | D:2      | Found a shattered altar of Ashenzari.
  1349 | D:3      | Found a sparkling altar of Nemelex Xobeh.
  1430 | D:3      | Reached XP level 5. HP: 40/41 MP: 5/5
  1596 | D:3      | Found a white marble altar of Elyvilon.
  1785 | D:3      | Noticed a water moccasin
  1798 | D:3      | HP: 2/41 [water moccasin (5)]
  1799 | D:3      | Killed a water moccasin
  1799 | D:3      | Reached skill level 1 in Dodging
  1799 | D:3      | Gained mutation: You are slightly more attuned to the shadows. [demonic ancestry]
  1799 | D:3      | Reached XP level 6. HP: 2/48 MP: 1/6
  1799 | D:3      | Succumbed to a water moccasin's poison

Skill      XL: |  1  2  3  4  5 |
---------------+----------------+-----
Long Blades    | 2 3 |  3.9
Armour         | 3 |  3.6
Shields        | 3 |  3.5
Dodging        | 1 |  1.0
Fighting       | |  3.6

Action                   |  1- 3 |  4- 6 || total
-------------------------+-------+-------++-------
Melee: Long sword        |   104 |   135 ||   239
       Headbutt          |    17 |    29 ||    46
  Use: Potion            |     2 |       ||     2
       Scroll            |       |     1 ||     1
  Eat: Chunk             |       |     3 ||     3
Armor: Scale mail        |    10 |       ||    10
       Fire dragon scale |    66 |    78 ||   144
Dodge: Dodged            |    41 |    47 ||    88
Block: Shield            |    90 |    84 ||   174
       Rpst.: Long sword |    13 |    12 ||    25
